| TOP OF THE 1ST |
|
Bristol Pirates batting - Pitching for Grand Junction Rockies : LHP Omar Samario
|
|
Pitching: LHP Omar Samario
|
|
|
Batting: RHB Matt Derrien
|
0-0: Ball 1-0: Called Strike 1-1: Fly out, F8 (Flyball, 8LM, EV 86.9 MPH)
|
|
Batting: LHB Ernesto Gasca
|
0-0: Ball 1-0: Ball 2-0: Ball 3-0: Called Strike 3-1: DOUBLE (Line Drive, 9LM, EV 101.9 MPH)
|
|
Batting: RHB Jon Solis
|
0-0: Ball 1-0: Ball 2-0: Called Strike 2-1: Called Strike 2-2: Ball 3-2: Base on Balls
|
|
Batting: SHB Juan Ayala
|
0-0: Ball 1-0: Called Strike 1-1: SINGLE (Line Drive, 78S, EV 95.0 MPH) Ernesto Gasca to third Jon Solis to second
|
|
Batting: LHB Sun-wei Kuai
|
0-0: Foul Ball, location: 2F 0-1: Ball 1-1: Foul Ball, location: 2F 1-2: Ball 2-2: Foul Ball, location: 2F 2-2: Ball 3-2: Fly out, F7 (Flyball, 7, EV 88.1 MPH) Runner from 3rd tags up, SCORES, throw by LF
|
|
Batting: RHB Oscar Mora
|
0-0: Foul Ball, location: 2F 0-1: Ball 1-1: 3-RUN HOME RUN (Flyball, 7D, EV 96.2 MPH), Distance : 387 ft
|
|
Batting: RHB Jason Rhodes
|
0-0: Ground out 6-3 (Groundball, 6, EV 84.4 MPH)
|
| Top of the 1st over - 4 runs, 3 hits, 0 errors, 0 left on base; Bristol 4 - Grand Junction 0 |
| BOTTOM OF THE 1ST |
|
Grand Junction Rockies batting - Pitching for Bristol Pirates : RHP Pablo Ramirez
|
|
Pitching: RHP Pablo Ramirez
|
|
|
Batting: RHB Gashie Chimsima
|
0-0: Ball 1-0: Ball 2-0: Foul Ball, location: 2F 2-1: DOUBLE (Groundball, 5L, EV 95.6 MPH)
|
|
Batting: SHB Justin Jackson
|
0-0: Ball 1-0: Ball 2-0: Ball 3-0: Called Strike 3-1: Called Strike 3-2: Base on Balls
|
|
Batting: RHB Dan Hoffman
|
0-0: Ball 1-0: Swinging Strike 1-1: Foul Ball, location: 2F 1-2: Foul Ball, location: 2F 1-2: Ball 2-2: Ball 3-2: Foul Ball, location: 2F 3-2: Foul Ball, location: 2F 3-2: Foul Ball, location: 2F 3-2: Base on Balls Gashie Chimsima to third Justin Jackson to second
|
|
Batting: RHB Ryan Ward
|
0-0: Foul Ball, location: 2F 0-1: Ball 1-1: Ball 2-1: Ball 3-1: Base on Balls Gashie Chimsima scores Justin Jackson to third Dan Hoffman to second
|
|
Batting: LHB Tom Bemis
|
0-0: Called Strike 0-1: Ball 1-1: Ball Wild Pitch! Justin Jackson scores Dan Hoffman to third Ryan Ward to second 2-1: Swinging Strike 2-2: Ball 3-2: Base on Balls
|
|
Batting: RHB Edwin Bejarano
|
0-0: Ball 1-0: Swinging Strike 1-1: Ball 2-1: Foul Ball, location: 2F 2-2: Ball 3-2: Base on Balls Dan Hoffman scores Ryan Ward to third Tom Bemis to second
|
|
Batting: LHB Georges Lambert
|
0-0: Ball 1-0: Ball 2-0: Ball 3-0: Base on Balls Ryan Ward scores Tom Bemis to third Edwin Bejarano to second
|
|
Batting: SHB Oscar Barahona
|
0-0: Ball 1-0: Called Strike 1-1: Called Strike 1-2: Ball 2-2: Foul Ball, location: 2F 2-2: Foul Ball, location: 2F 2-2: Foul Ball, location: 2F 2-2: Strikes out swinging
|
|
Batting: RHB Tom Gentry
|
0-0: Called Strike 0-1: Ball 1-1: SINGLE (Groundball, 6MD, EV 105.6 MPH) Tom Bemis scores Edwin Bejarano to third Georges Lambert to second
|
|
Batting: RHB Gashie Chimsima
|
0-0: Called Strike 0-1: Ball 1-1: Ball 2-1: Foul Ball, location: 2F 2-2: Foul Ball, location: 2F 2-2: Foul Ball, location: 2F 2-2: Ball 3-2: Foul Ball, location: 2F 3-2: Base on Balls Edwin Bejarano scores Georges Lambert to third Tom Gentry to second
|
|
Pitching: LHP Ighlas Kumbuka
|
|
|
Batting: SHB Justin Jackson
|
0-0: Called Strike 0-1: Ball 1-1: Ball 2-1: Foul Ball, location: 2F 2-2: Ball 3-2: Strikes out looking
|
|
Batting: RHB Dan Hoffman
|
0-0: Called Strike 0-1: Ball 1-1: Ball 2-1: Ball 3-1: Called Strike 3-2: Strikes out swinging
|
| Bottom of the 1st over - 6 runs, 2 hits, 0 errors, 3 left on base; Bristol 4 - Grand Junction 6 |
| TOP OF THE 2ND |
|
Bristol Pirates batting - Pitching for Grand Junction Rockies : LHP Omar Samario
|
|
Batting: RHB Zachery Loomis
|
0-0: Called Strike 0-1: Called Strike 0-2: Strikes out swinging
|
|
Batting: RHB Brian Brewster
|
0-0: Ball 1-0: Called Strike 1-1: Ball 2-1: Foul Ball, location: 2F 2-2: Strikes out swinging
|
|
Batting: RHB Matt Derrien
|
0-0: Foul Ball, location: 2F 0-1: Ball 1-1: SINGLE (Line Drive, 34D, EV 104.4 MPH)
|
|
Batting: LHB Ernesto Gasca
|
0-0: Ground out 4-3 (Groundball, 4, EV 96.2 MPH)
|
| Top of the 2nd over - 0 runs, 1 hit, 0 errors, 1 left on base; Bristol 4 - Grand Junction 6 |
| BOTTOM OF THE 2ND |
|
Grand Junction Rockies batting - Pitching for Bristol Pirates : LHP Ighlas Kumbuka
|
|
Batting: RHB Ryan Ward
|
0-0: Called Strike 0-1: Swinging Strike 0-2: Ball 1-2: SINGLE (Flyball, 4D, EV 91.9 MPH)
|
|
Batting: LHB Tom Bemis
|
0-0: Called Strike 0-1: Ball 1-1: Ball 2-1: Called Strike 2-2: Fielders Choice at 2nd, 3-6 (Groundball, 3, EV 106.2 MPH)
|
|
Batting: RHB Edwin Bejarano
|
0-0: Ball 1-0: Foul Ball, location: 2F 1-1: Swinging Strike 1-2: SINGLE (Groundball, 56D, EV 108.1 MPH) Tom Bemis to second
|
|
Batting: LHB Georges Lambert
|
0-0: Called Strike 0-1: Ball 1-1: Fly out, F6 (Popup, 6MS, EV 73.1 MPH)
|
|
Batting: SHB Oscar Barahona
|
0-0: Ball 1-0: Ball 2-0: Ground out 4-3 (Groundball, 34, EV 100.0 MPH)
|
| Bottom of the 2nd over - 0 runs, 2 hits, 0 errors, 2 left on base; Bristol 4 - Grand Junction 6 |
| TOP OF THE 3RD |
|
Bristol Pirates batting - Pitching for Grand Junction Rockies : LHP Omar Samario
|
|
Batting: RHB Jon Solis
|
0-0: Called Strike 0-1: Ball 1-1: DOUBLE (Line Drive, 89D, EV 100.6 MPH)
|
|
Batting: SHB Juan Ayala
|
0-0: Ball 1-0: Ground out 5-3 (Groundball, 5L, EV 106.9 MPH)
|
|
Batting: LHB Sun-wei Kuai
|
0-0: Ball 1-0: Ball 2-0: Ball 3-0: Called Strike 3-1: Base on Balls
|
|
Batting: RHB Oscar Mora
|
0-0: Ball 1-0: Ball 2-0: Ball 3-0: Called Strike 3-1: Foul Ball, location: 2F 3-2: Foul Ball, location: 2F 3-2: Base on Balls Jon Solis to third Sun-wei Kuai to second
|
|
Batting: RHB Jason Rhodes
|
0-0: Called Strike 0-1: Ball 1-1: Swinging Strike 1-2: Ball 2-2: Ball 3-2: Base on Balls Jon Solis scores Sun-wei Kuai to third Oscar Mora to second
|
|
Batting: RHB Zachery Loomis
|
0-0: Ball 1-0: Foul Ball, location: 2F 1-1: Ball 2-1: Foul Ball, location: 2F 2-2: Grounds into double play, 5-4-3 (Groundball, 15, EV 85.6 MPH)
|
| Top of the 3rd over - 1 run, 1 hit, 0 errors, 2 left on base; Bristol 5 - Grand Junction 6 |
| BOTTOM OF THE 3RD |
|
Grand Junction Rockies batting - Pitching for Bristol Pirates : LHP Ighlas Kumbuka
|
|
Batting: RHB Tom Gentry
|
0-0: Ball 1-0: Ball 2-0: Foul Ball, location: 2F 2-1: Fly out, F7 (Flyball, 78S, EV 78.8 MPH)
|
|
Batting: RHB Gashie Chimsima
|
0-0: Ball 1-0: Ground out 5-3 (Groundball, 56S, EV 68.8 MPH)
|
|
Batting: SHB Justin Jackson
|
0-0: Ball 1-0: Ball 2-0: Swinging Strike 2-1: Ball 3-1: Base on Balls
|
|
Pitching: RHP Dustin Hamblin
|
|
|
Batting: RHB Dan Hoffman
|
0-0: Ball 1-0: 2-RUN HOME RUN (Flyball, 7LD, EV 95.0 MPH), Distance : 351 ft
|
|
Batting: RHB Ryan Ward
|
0-0: Ball 1-0: Called Strike 1-1: Ball 2-1: Ball 3-1: Called Strike 3-2: Foul Ball, location: 2F 3-2: Ground out 6-3 (Groundball, 6MS, EV 80.6 MPH)
|
| Bottom of the 3rd over - 2 runs, 1 hit, 0 errors, 0 left on base; Bristol 5 - Grand Junction 8 |
| TOP OF THE 4TH |
|
Bristol Pirates batting - Pitching for Grand Junction Rockies : LHP Omar Samario
|
|
Batting: RHB Brian Brewster
|
0-0: Called Strike 0-1: Ball 1-1: Ground out 6-3 (Groundball, 6, EV 88.8 MPH)
|
|
Batting: RHB Matt Derrien
|
0-0: Ball 1-0: Called Strike 1-1: Foul Ball, location: 2F 1-2: Foul Ball, location: 2F 1-2: Ground out 4-3 (Groundball, 34, EV 88.1 MPH)
|
|
Batting: LHB Ernesto Gasca
|
0-0: SINGLE (Line Drive, 8LS, EV 106.2 MPH)
|
|
Batting: RHB Jon Solis
|
0-0: Called Strike 0-1: Ball 1-1: Ball 2-1: Called Strike 2-2: DOUBLE (Flyball, 8RXD, EV 111.2 MPH) Ernesto Gasca to third Runner from 3rd tries for Home, SAFE, no throw by CF
|
|
Pitching: RHP Jim Crooks
|
|
|
Batting: SHB Juan Ayala
|
0-0: Ball 1-0: Ball 2-0: Swinging Strike 2-1: Foul Ball, location: 2F 2-2: Foul Ball, location: 2F 2-2: Ground out 4-3 (Groundball, 34D, EV 108.1 MPH)
|
| Top of the 4th over - 1 run, 2 hits, 0 errors, 1 left on base; Bristol 6 - Grand Junction 8 |
| BOTTOM OF THE 4TH |
|
Grand Junction Rockies batting - Pitching for Bristol Pirates : RHP Dustin Hamblin
|
|
Batting: LHB Tom Bemis
|
0-0: Foul Ball, location: 2F 0-1: Swinging Strike 0-2: Ball 1-2: Ball 2-2: Foul Ball, location: 2F 2-2: Strikes out looking
|
|
Batting: RHB Edwin Bejarano
|
0-0: Ball 1-0: Foul Ball, location: 2F 1-1: Ball 2-1: Swinging Strike 2-2: Strikes out looking
|
|
Batting: LHB Georges Lambert
|
0-0: Ball 1-0: Foul Ball, location: 2F 1-1: Ball 2-1: Called Strike 2-2: Ground out 5-3 (Groundball, 56, EV 86.2 MPH)
|
| Bottom of the 4th over - 0 runs, 0 hits, 0 errors, 0 left on base; Bristol 6 - Grand Junction 8 |
| TOP OF THE 5TH |
|
Bristol Pirates batting - Pitching for Grand Junction Rockies : RHP Jim Crooks
|
|
Batting: LHB Sun-wei Kuai
|
0-0: Ground out 3-1 (Groundball, 3D, EV 90.6 MPH)
|
|
Batting: RHB Oscar Mora
|
0-0: Called Strike 0-1: Ball 1-1: Fly out, F8 (Line Drive, 78M, EV 100.0 MPH)
|
|
Batting: RHB Jason Rhodes
|
0-0: Ball 1-0: Called Strike 1-1: Ball 2-1: Foul Ball, location: 2F 2-2: Ball 3-2: Strikes out swinging
|
| Top of the 5th over - 0 runs, 0 hits, 0 errors, 0 left on base; Bristol 6 - Grand Junction 8 |
| BOTTOM OF THE 5TH |
|
Grand Junction Rockies batting - Pitching for Bristol Pirates : RHP Dustin Hamblin
|
|
Batting: SHB Oscar Barahona
|
0-0: Called Strike 0-1: Ball 1-1: Ball 2-1: Foul Ball, location: 2F 2-2: Ball 3-2: Base on Balls
|
|
Batting: RHB Tom Gentry
|
0-0: TRIPLE (Line Drive, 78XD, EV 102.5 MPH) Oscar Barahona scores
|
|
Batting: RHB Gashie Chimsima
|
0-0: Foul Ball, location: 2F 0-1: Ball 1-1: Ball 2-1: Ball 3-1: Base on Balls
|
|
Pitching: RHP Ray Maki
|
|
|
Batting: SHB Justin Jackson
|
0-0: Ball 1-0: Swinging Strike 1-1: Fly out, F4 (Line Drive, 34, EV 70.6 MPH)
|
|
Batting: RHB Dan Hoffman
|
0-0: Called Strike 0-1: Ball 1-1: Foul Ball, location: 2F 1-2: Ball 2-2: Ball 3-2: Base on Balls Gashie Chimsima to second
|
|
Batting: RHB Ryan Ward
|
0-0: Called Strike 0-1: Ball 1-1: Ball 2-1: Ball 3-1: Base on Balls Tom Gentry scores Gashie Chimsima to third Dan Hoffman to second
|
|
Batting: LHB Tom Bemis
|
0-0: Ball 1-0: Foul Ball, location: 2F 1-1: Ball 2-1: Foul Ball, location: 2F 2-2: Ball 3-2: SINGLE (Groundball, 6MD, EV 97.5 MPH) Gashie Chimsima scores Dan Hoffman to third Ryan Ward to second
|
|
Batting: RHB Edwin Bejarano
|
0-0: Called Strike 0-1: Swinging Strike 0-2: Foul Ball, location: 2F 0-2: Ball 1-2: Grounds into double play, 5-4-3 (Groundball, 56, EV 90.0 MPH)
|
| Bottom of the 5th over - 3 runs, 2 hits, 0 errors, 2 left on base; Bristol 6 - Grand Junction 11 |
| TOP OF THE 6TH |
|
Bristol Pirates batting - Pitching for Grand Junction Rockies : RHP Jim Crooks
|
|
Batting: RHB Zachery Loomis
|
0-0: Ball 1-0: Called Strike 1-1: Foul Ball, location: 2F 1-2: Ground out 4-3 (Groundball, 4M, EV 105.6 MPH)
|
|
Batting: RHB Brian Brewster
|
0-0: Ball 1-0: Swinging Strike 1-1: Swinging Strike 1-2: Foul Ball, location: 2F 1-2: Ball 2-2: Foul Ball, location: 2F 2-2: Strikes out looking
|
|
Batting: RHB Matt Derrien
|
0-0: Ground out 4-3 (Groundball, 4, EV 88.8 MPH)
|
| Top of the 6th over - 0 runs, 0 hits, 0 errors, 0 left on base; Bristol 6 - Grand Junction 11 |
| BOTTOM OF THE 6TH |
|
Grand Junction Rockies batting - Pitching for Bristol Pirates : RHP Ray Maki
|
|
Batting: LHB Georges Lambert
|
0-0: Ball 1-0: Called Strike 1-1: Fly out, F7 (Flyball, 7LS, EV 83.8 MPH)
|
|
Batting: SHB Oscar Barahona
|
0-0: Ball 1-0: Ball 2-0: Foul Ball, location: 2F 2-1: Swinging Strike 2-2: Foul Ball, location: 2F 2-2: Ground out 5-3 (Groundball, 25, EV 86.2 MPH)
|
|
Pitching: LHP Angel Juarez
|
|
|
Batting: RHB Tom Gentry
|
0-0: Swinging Strike 0-1: TRIPLE (Flyball, 78XD, EV 109.4 MPH)
|
|
Batting: RHB Gashie Chimsima
|
0-0: Foul Ball, location: 2F 0-1: Called Strike 0-2: Ball 1-2: Foul Ball, location: 2F 1-2: Fly out, F4 (Line Drive, 4M, EV 68.1 MPH)
|
| Bottom of the 6th over - 0 runs, 1 hit, 0 errors, 1 left on base; Bristol 6 - Grand Junction 11 |
| TOP OF THE 7TH |
|
Bristol Pirates batting - Pitching for Grand Junction Rockies : RHP Jim Crooks
|
|
Batting: LHB Ernesto Gasca
|
0-0: Ball 1-0: Ball 2-0: Fly out, F8 (Flyball, 8RD, EV 90.6 MPH)
|
|
Batting: RHB Jon Solis
|
0-0: Called Strike 0-1: Swinging Strike 0-2: Strikes out looking
|
|
Batting: SHB Juan Ayala
|
0-0: Called Strike 0-1: Ball 1-1: Ball 2-1: Ball 3-1: Ground out 1-3 (Groundball, 13S, EV 66.2 MPH)
|
| Top of the 7th over - 0 runs, 0 hits, 0 errors, 0 left on base; Bristol 6 - Grand Junction 11 |
| BOTTOM OF THE 7TH |
|
Grand Junction Rockies batting - Pitching for Bristol Pirates : LHP Angel Juarez
|
|
Batting: SHB Justin Jackson
|
0-0: Ball 1-0: Ground out 5-3 (Groundball, 56, EV 78.8 MPH)
|
|
Batting: RHB Dan Hoffman
|
0-0: Ball 1-0: Called Strike 1-1: Ball 2-1: Foul Ball, location: 2F 2-2: Fly out, F9 (Flyball, 89D, EV 86.2 MPH)
|
|
Batting: RHB Ryan Ward
|
0-0: Foul Ball, location: 2F 0-1: Ball 1-1: Ball 2-1: Foul Ball, location: 2F 2-2: Ball 3-2: Foul Ball, location: 2F 3-2: Base on Balls
|
|
Pitching: RHP Tomas Cavazos
|
|
|
Batting: LHB Tom Bemis
|
0-0: Called Strike 0-1: Swinging Strike 0-2: 2-RUN HOME RUN (Flyball, 89XD, EV 100.0 MPH), Distance : 425 ft
|
|
Batting: RHB Edwin Bejarano
|
0-0: Ball 1-0: Called Strike 1-1: Ball 2-1: Foul Ball, location: 2F 2-2: SOLO HOME RUN (Flyball, 7LD, EV 92.5 MPH), Distance : 339 ft
|
|
Batting: LHB Georges Lambert
|
0-0: Ball 1-0: Foul Ball, location: 2F 1-1: Ball 2-1: Ball 3-1: Base on Balls
|
|
Batting: SHB Oscar Barahona
|
0-0: Foul Ball, location: 2F 0-1: Swinging Strike Passed Ball! Georges Lambert to second 0-2: Strikes out swinging
|
| Bottom of the 7th over - 3 runs, 2 hits, 0 errors, 1 left on base; Bristol 6 - Grand Junction 14 |
| TOP OF THE 8TH |
|
Bristol Pirates batting - Pitching for Grand Junction Rockies : RHP Jim Crooks
|
|
Batting: LHB Sun-wei Kuai
|
0-0: Ball 1-0: Ball 2-0: Ball 3-0: Base on Balls
|
|
Batting: RHB Oscar Mora
|
0-0: Ball 1-0: Ball 2-0: SINGLE (Groundball, 5D, EV 95.6 MPH) Sun-wei Kuai to second
|
|
Batting: RHB Jason Rhodes
|
0-0: Ball 1-0: Foul Ball, location: 2F 1-1: Fielders Choice at 2nd, 4-6 (Groundball, 34, EV 76.2 MPH) Sun-wei Kuai to third
|
|
Pinch Hitting: SHB Jiong Qi
|
0-0: Ball 1-0: Fly out, F7 (Flyball, 78M, EV 85.0 MPH) Runner from 3rd tags up, SCORES, throw by LF
|
|
Pinch Hitting: LHB Damien Cohen
|
0-0: Foul Ball, location: 2F 0-1: Ball 1-1: Called Strike 1-2: Ball 2-2: Foul Ball, location: 2F 2-2: Ball 3-2: Base on Balls Jason Rhodes to second
|
|
Batting: RHB Matt Derrien
|
0-0: Called Strike 0-1: Foul Ball, location: 2F 0-2: Strikes out swinging
|
| Top of the 8th over - 1 run, 1 hit, 0 errors, 2 left on base; Bristol 7 - Grand Junction 14 |
| BOTTOM OF THE 8TH |
|
Grand Junction Rockies batting - Pitching for Bristol Pirates : RHP Tomas Cavazos
|
|
Now at SS: Jason Rhodes
|
|
|
Now in LF: Ryan Thurston
|
|
|
Now in RF: Oscar Munoz
|
|
|
Batting: RHB Tom Gentry
|
0-0: Called Strike 0-1: Ball 1-1: SINGLE (Groundball, 5S, EV 71.2 MPH) (infield hit)
|
|
Batting: RHB Gashie Chimsima
|
0-0: Ball 1-0: Called Strike 1-1: Foul Ball, location: 2F 1-2: Fielders Choice at 2nd, 4-6 (Groundball, 4M, EV 89.4 MPH)
|
|
Batting: SHB Justin Jackson
|
0-0: Ball 1-0: DOUBLE (Flyball, 8RXD, EV 106.9 MPH) Gashie Chimsima to third Runner from 3rd tries for Home, SAFE, throw by CF to home
|
|
Batting: RHB Dan Hoffman
|
0-0: Ball Wild Pitch! Justin Jackson to third 1-0: Fly out, F7 (Line Drive, 7LM, EV 91.2 MPH) Runner from 3rd tags up, SCORES, throw by LF
|
|
Batting: RHB Ryan Ward
|
0-0: Ball 1-0: Ball 2-0: SOLO HOME RUN (Flyball, 89XD, EV 102.5 MPH), Distance : 437 ft
|
|
Pitching: RHP Otok Barleyfoot
|
|
|
Batting: LHB Tom Bemis
|
0-0: Called Strike 0-1: Swinging Strike 0-2: Strikes out swinging
|
| Bottom of the 8th over - 3 runs, 3 hits, 0 errors, 0 left on base; Bristol 7 - Grand Junction 17 |
| TOP OF THE 9TH |
|
Bristol Pirates batting - Pitching for Grand Junction Rockies : RHP Jim Crooks
|
|
Batting: LHB Ernesto Gasca
|
0-0: SOLO HOME RUN (Flyball, 7D, EV 98.1 MPH), Distance : 389 ft
|
|
Batting: RHB Jon Solis
|
0-0: Ball 1-0: Ball 2-0: Fly out, F8 (Flyball, 8LD, EV 88.1 MPH)
|
|
Batting: SHB Juan Ayala
|
0-0: Ball 1-0: Foul Ball, location: 2F 1-1: Ball 2-1: Called Strike 2-2: Strikes out swinging
|
|
Pitching: RHP Julio Marquez
|
|
|
Batting: LHB Sun-wei Kuai
|
0-0: Called Strike 0-1: Ball 1-1: SINGLE (Groundball, 6S, EV 65.6 MPH) (infield hit)
|
|
Batting: RHB Oscar Mora
|
0-0: Called Strike 0-1: Ball 1-1: Swinging Strike 1-2: Ball 2-2: Strikes out swinging
|
| Top of the 9th over - 1 run, 2 hits, 0 errors, 1 left on base; Bristol 8 - Grand Junction 17 |
|